 Dungeon Crawl Stone Soup version 0.29-a0-323-g050149af67 (webtiles) character file.

Game seed: 14002915312402425245

838 Jortsu the Ruffian (level 7, -1/59 HPs)
             Began as a Troll Hunter on Apr 11, 2022.
             Was a Follower of Hepliaklqana.
             Slain by a vampire mosquito (5 damage)
             ... on level 5 of the Dungeon.
             The game lasted 00:07:35 (3306 turns).

Jortsu the Ruffian (Troll Hunter)                   Turns: 3306, Time: 00:07:35

Health: -1/59      AC: 12    Str: 26    XL:     7   Next: 67%
Magic:  6/6        EV: 11    Int:  5    God:    Hepliaklqana [*.....]
Gold:   251        SH:  0    Dex: 15    Spells: 6/6 levels left

rFire   + . .      SeeInvis .     - Unarmed
rCold   . . .      Faith    .   (no shield)
rNeg    . . .      Spirit   .   k - +1 robe {Will+}
rPois   .          Reflect  .   b - +1 hat
rElec   .          Harm     .   g - +1 cloak
rCorr   .          Rampage  .   (gloves unavailable)
Will    ++...                   (boots unavailable)
Stlth   ++........              o - amulet of regeneration
HPRegen 1.79/turn               e - +4 ring of protection
MPRegen 0.10/turn               r - +6 ring of strength

@: no status effects
A: reduced essence, large, unfitting armour, claws 3, regeneration 1, shaggy fur
1, tough skin 1, horns 1, fire resistance 1, strong-willed 1, subdued magic 1
a: Renounce Religion, Recall Ancestor, Ancestor Identity


You were on level 5 of the Dungeon.
You worshipped Hepliaklqana.
Hepliaklqana was aware of your devotion.
You visited 2 branches of the dungeon, and saw 6 of its levels.

You collected 251 gold pieces.

Inventory:

Hand Weapons
 a - a +1 hunting sling
Missiles
 p - 2 throwing nets
Armour
 b - a +1 hat (worn)
 g - a +1 cloak (worn)
 k - a +1 robe of willpower (worn)
Jewellery
 e - a +4 ring of protection (left claw)
 m - an amulet of guardian spirit
 n - an amulet of reflection
 o - an amulet of regeneration (around neck)
 r - a +6 ring of strength (right claw)
Scrolls
 c - a scroll of immolation
 d - 3 scrolls of magic mapping
 h - 3 scrolls of teleportation
 u - 3 scrolls of enchant armour
Potions
 f - 3 potions of berserk rage {unknown}
 i - 4 potions of curing {unknown}
 j - a potion of degeneration {unknown}
 l - a potion of magic {unknown}
 q - a potion of lignification {unknown}
 s - a potion of flight {unknown}
 t - a potion of brilliance {unknown}


   Skills:
 + Level 2.6 Fighting
 + Level 3.4 Slings
 + Level 3.9 Dodging
 + Level 1.0 Stealth
 + Level 5.7 Unarmed Combat


You had 6 spell levels left.
You didn't know any spells.
Your spell library contained the following spells:

 Spells                   Type           Power      Damage    Failure   Level
 Ozocubu's Armour         Ice            0%         N/A       82%         3
 Ozocubu's Refrigeration  Ice            0%         4d5       100%        7


Dungeon Overview and Level Annotations

Branches:
Dungeon (5/15)             Temple (1/1) D:4

Altars:
Ashenzari
Cheibriados
Dithmenos
Fedhas
Hepliaklqana
Kikubaaqudgha
Makhleb
Nemelex Xobeh
Qazlal
Ru
Sif Muna
Trog
Uskayaw
Vehumet
Wu Jian
Xom
Yredelemnul
Zin
The Shining One

Shops:
D:1 :


Innate Abilities, Weirdness & Mutations

Your life essence is reduced to manifest your ancestor. (-10% HP)
You are too large for most types of armour.
You have claws for hands.
Your natural rate of healing is unusually fast.
You are covered in fur. (AC +1)
You have tough skin. (AC +1)
You have a pair of small horns on your head.
Your flesh is heat resistant. (rF+)
You are strong-willed. (Will+)
Your spells are a little easier to cast, but a little less powerful.


Message History

The vampire mosquito bites you but does no damage.
The iguana barely misses Appius.
Appius hits the vampire mosquito.
The vampire mosquito bites you but does no damage.
The vampire mosquito misses you.
You scratch the vampire mosquito.
The vampire mosquito is severely damaged.
The vampire mosquito barely misses you. The vampire mosquito bites you.
The vampire mosquito draws strength from your injuries!
The iguana barely misses Appius.
Appius hits the vampire mosquito.
The vampire mosquito bites you!
* * * LOW HITPOINT WARNING * * *
The vampire mosquito draws strength from your injuries!
The vampire mosquito bites you but does no damage.
You barely miss the vampire mosquito.
Your headbutt misses the vampire mosquito.
The vampire mosquito is almost destroyed.
The vampire mosquito bites you but does no damage.
The vampire mosquito closely misses you.
The iguana barely misses Appius.
Appius hits the vampire mosquito.
You barely miss the vampire mosquito.
Your headbutt misses the vampire mosquito.
The vampire mosquito is almost destroyed.
The vampire mosquito bites you but does no damage. x2
The vampire mosquito barely misses you. The vampire mosquito bites you!
* * * LOW HITPOINT WARNING * * *
The vampire mosquito draws strength from your injuries!
The iguana barely misses Appius.
Appius hits the vampire mosquito.
You closely miss the vampire mosquito.
Your headbutt misses the vampire mosquito.
The vampire mosquito is severely damaged.
The vampire mosquito bites you.
* * * LOW HITPOINT WARNING * * *
The vampire mosquito draws strength from your injuries!
The vampire mosquito bites you.
* * * LOW HITPOINT WARNING * * *
The vampire mosquito draws strength from your injuries!
The iguana bites Appius.
The vampire mosquito closely misses you.
The vampire mosquito bites you.
You die...

######.....# ...........#
..# ......#'#### ..#
......#<..# ..# ......'...#
..# ......#...# ..#
......#...#######..#
......#....#...#y..#
......#....#..hy@..#
?.....#....#..R#...#
......#....#.l.#...# ...#
......##+###'####..#....+
..............######....# ##
......(.......#....#....#..#
..............# ...........
.............l# [.#...♣..
..............###+....♣.♣


You could see the friendly Appius the ancestor, 2 vampire mosquitoes, an iguana
and a hound.

Vanquished Creatures
  A vampire mosquito (D:5)
  A black bear (D:5)
  A phantom (D:5)
  Blork the orc (D:4)
  2 scorpions
  A gnoll shaman (D:4)
  An iguana (D:4)
  Jessica (D:2)
  3 orc wizards
  5 gnolls (D:4)
  4 adders
  A shadow imp (D:5)
  An ufetubus (D:4)
  3 worms
  A dart slug (D:1)
  17 orcs
  7 endoplasms
  3 giant cockroaches
  A goblin (D:3)
  6 hobgoblins
  7 jackals
  3 quokkas
  7 ball pythons
  2 bats
  9 frilled lizards
  8 kobolds
  A rat (D:3)
98 creatures vanquished.

Vanquished Creatures (others)
  A human (D:3)
  11 fungi (D:3)
  9 plants (D:4)
21 creatures vanquished.

Grand Total: 119 creatures vanquished

Notes
Turn   | Place    | Note
-------+----------+-------------------------------------------
     0 | D:1      | Jortsu the Troll Hunter began the quest for the Orb.
     0 | D:1      | Reached XP level 1. HP: 19/19 MP: 0/0
    80 | D:1      | Found Gelosche's Book Emporium.
   395 | D:1      | Reached XP level 2. HP: 28/28 MP: 1/1
   768 | D:2      | Noticed Jessica
   779 | D:2      | Killed Jessica
   780 | D:2      | Reached XP level 3. HP: 15/35 MP: 2/2
   859 | D:2      | Reached skill level 1 in Unarmed Combat
   989 | D:2      | Reached XP level 4. HP: 42/42 MP: 3/3
  1456 | D:3      | Found an ancient bone altar of Kikubaaqudgha.
  1547 | D:3      | Noticed a human
  1548 | D:3      | Killed a human
  1619 | D:3      | Found a snail-covered altar of Cheibriados.
  1678 | D:3      | Reached skill level 2 in Unarmed Combat
  1689 | D:3      | Reached XP level 5. HP: 49/49 MP: 4/4
  1775 | D:3      | Found a sacrificial altar of Ru.
  2018 | D:3      | Gained mutation: You are frail. (-10% HP) [potion of
                  | mutation]
  2018 | D:3      | Gained mutation: You are partially covered in iridescent
                  | scales. (AC +2) [potion of mutation]
  2019 | D:3      | Lost mutation: You are frail. (-10% HP) [potion of
                  | mutation]
  2019 | D:3      | Lost mutation: You are partially covered in iridescent
                  | scales. (AC +2) [potion of mutation]
  2019 | D:3      | Gained mutation: Your flesh is heat resistant. (rF+)
                  | [potion of mutation]
  2019 | D:3      | Gained mutation: Your spells are a little easier to cast,
                  | but a little less powerful. [potion of mutation]
  2019 | D:3      | Gained mutation: You have a pair of small horns on your
                  | head. [potion of mutation]
  2019 | D:3      | Gained mutation: You are strong-willed. (Will+) [potion of
                  | mutation]
  2052 | D:4      | Noticed Blork the orc
  2068 | D:4      | Killed Blork the orc
  2069 | D:4      | Reached skill level 3 in Unarmed Combat
  2151 | D:4      | Found a staircase to the Ecumenical Temple.
  2160 | Temple   | Entered the Ecumenical Temple
  2374 | Temple   | Became a worshipper of Hepliaklqana the Forgotten
  2424 | D:4      | Reached XP level 6. HP: 45/57 MP: 5/5
  2455 | D:4      | Found a glowing silver altar of Zin.
  2592 | D:4      | Reached skill level 4 in Unarmed Combat
  2986 | D:5      | Entered Level 5 of the Dungeon
  3140 | D:5      | Reached XP level 7. HP: 64/66 MP: 6/6
  3170 | D:5      | Reached skill level 1 in Stealth
  3170 | D:5      | Reached skill level 5 in Unarmed Combat
  3253 | D:5      | Reached * piety under Hepliaklqana
  3265 | D:5      | Noticed a vampire mosquito
  3267 | D:5      | Noticed a vampire mosquito
  3273 | D:5      | Noticed a vampire mosquito
  3281 | D:5      | Killed a vampire mosquito
  3306 | D:5      | Slain by a vampire mosquito

Illustrated notes

Levels and vault maps discovered:
D:1:      dpeg_arrival_pond, layout_basic, serial_shops, nicolae_shop_trees,
          serial_bayou_pond_d
D:2:      layout_basic, uniq_jessica
D:3:      layout_basic, general_overflow_altar,
          mainiacjoe_overflow_cross_hatched, tgw_kikubaaqudgha,
          small_statue_intersection
D:4:      layout_loops_ring, lemuel_round_altar, minmay_temple_entry_waves,
          minmay_fountain_box, minmay_lizard_king, uniq_blork_the_orc
D:5:      layout_gridville, okawaru_trees_2
Temple:   regret_index_temple_generic_petals

Skill      XL: |  1  2  3  4  5  6  7 |
---------------+----------------------+-----
Slings         | 3 |  3.4
Unarmed Combat | 1 2 3 4 5 |  5.7
Fighting       | 2 |  2.6
Dodging        | 2 3 |  3.9
Stealth        | 1 |  1.0

Action                   |  1- 3 |  4- 6 |  7- 9 || total
-------------------------+-------+-------+-------++-------
Melee: Unarmed           |    84 |   187 |    27 ||   298
       Punch             |     3 |       |     1 ||     4
       Headbutt          |       |    16 |     4 ||    20
  Use: Scroll            |     3 |     5 |       ||     8
       Potion            |       |     2 |       ||     2
 Stab: Sleeping          |       |     1 |       ||     1
Armor: Robe              |    43 |    95 |    28 ||   166
       Skin              |     2 |       |       ||     2
Dodge: Dodged            |    70 |   102 |    51 ||   223

Table legend: (Time is in decaauts)
 A = Elapsed time spent in this place.
 B = Non-inter-level travel time spent in this place.
 C = Inter-level travel time spent in this place.
 D = Time resting spent in this place.
 E = Time spent auto-exploring this place.
 F = Levels seen in this place.
 G = Mean time per level.
                   A        B        C        D        E       F      G
               +--------+--------+--------+--------+--------+-----+--------+
         Total |   3292 |   3227 |     65 |    122 |   2126 |   6 |  548.7 |
       Dungeon |   3059 |   2994 |     65 |    122 |   1947 |   5 |  611.8 |
        Temple |    232 |    232 |      0 |      0 |    179 |   1 |  232.0 |
               +--------+--------+--------+--------+--------+-----+--------+

Top non-repeatable levels by time:
     D:3: 863 daAuts
     D:4: 713 daAuts
     D:1: 629 daAuts
     D:2: 537 daAuts
     D:5: 316 daAuts
  Temple: 232 daAuts
